 Dungeon Crawl Stone Soup version 0.29.1-12-g30fa7ad0bf (webtiles) character file.

Game seed: 8557917863424187216

965 venomsnake the Magician (level 7, -4/36 HPs)
             Began as a Deep Elf Conjurer on Dec 26, 2022.
             Was an Initiate of Vehumet.
             Shot with an arrow by a centaur (8 damage)
             ... on level 6 of the Dungeon.
             The game lasted 00:24:29 (6807 turns).

venomsnake the Magician (Deep Elf Conjurer)         Turns: 6807, Time: 00:24:30

Health: -4/36      AC:  3    Str:  4    XL:     7   Next: 93%
Magic:  15/19      EV: 12    Int: 31    God:    Vehumet [......]
Gold:   349        SH:  0    Dex: 13    Spells: 11/20 levels left

rFire   + . .      SeeInvis .   o - +0 club
rCold   + . .      Faith    .   (no shield)
rNeg    . . .      Spirit   .   p - +0 robe {Archmagi}
rPois   +          Reflect  .   (no helmet)
rElec   +          Harm     .   (no cloak)
rCorr   +          Rampage  .   u - +0 pair of gloves
Will    .....      Archmagi +   (no boots)
Stlth   ++........              (no amulet)
HPRegen 0.12/turn               t - +6 ring of intelligence
MPRegen 0.16/turn               s - ring of wizardry

@: resistant
A: no striking features
a: Renounce Religion


You were on level 6 of the Dungeon.
You worshipped Vehumet.
Vehumet was noncommittal.
You visited 2 branches of the dungeon, and saw 7 of its levels.

You collected 349 gold pieces.

Inventory:

Hand Weapons
 o - a +0 club (weapon)
Missiles
 q - 6 poisoned darts (quivered)
Armour
 p - a +0 robe of the Archmagi (worn)
 u - a +0 pair of gloves (worn)
Jewellery
 b - a +6 ring of dexterity
 h - a +4 ring of protection
 s - a ring of wizardry (right hand)
 t - a +6 ring of intelligence (left hand)
Wands
 v - a wand of charming (5)
Scrolls
 c - 5 scrolls of identify {unknown}
 d - 3 scrolls of fear
 e - a scroll of silence {unknown}
 g - a scroll of vulnerability {unknown}
 i - a scroll of summoning {unknown}
 k - 2 scrolls of magic mapping {unknown}
 m - 2 scrolls of torment {unknown}
 r - a scroll of butterflies {unknown}
 w - a scroll of teleportation {unknown}
 x - a scroll of amnesia {unknown}
Potions
 a - a potion of flight {unknown}
 j - a potion of mutation {unknown}
 l - a potion of magic
 n - a potion of lignification {unknown}
 z - a potion of might {unknown}
 A - a potion of curing {unknown}


   Skills:
 - Level 2.4 Dodging
 - Level 2.4 Stealth
 + Level 7.4 Spellcasting
 + Level 7.2 Conjurations
 + Level 5.6 Translocations


You had 11 spell levels left.
You knew the following spells:

 Your Spells              Type           Power      Damage    Failure   Level
a - Magic Dart            Conj           100%       1d8       1%          1
b - Searing Ray           Conj           100%       2d8       1%          2
c - Iskenderun's Mystic   Conj/Tloc      67%        2d14      1%          4
d - Blink                 Tloc           100%       N/A       1%          2

Your spell library contained the following spells:

 Spells                   Type           Power      Damage    Failure   Level
 Shock                    Conj/Air       100%       1d9       1%          1
 Summon Small Mammal      Summ           68%        N/A       1%          1
 Dazzling Flash           Conj/Hex       100%       N/A       1%          3
 Lesser Beckoning         Tloc           62%        N/A       1%          3
 Ensorcelled Hibernation  Hex/Ice        34%        N/A       2%          2
 Fulminant Prism          Conj/Hex       25%        3d14      4%          4
 Manifold Assault         Tloc           62%        N/A       4%          5
 Call Canine Familiar     Summ           17%        N/A       5%          3
 Spider Form              Tmut/Pois      17%        N/A       5%          3
 Summon Guardian Golem    Hex/Summ       17%        N/A       5%          3
 Swiftness                Air            17%        N/A       5%          3
 Airstrike                Air            8%         2d(2-18)  16%         4
 Anguish                  Hex/Necr       8%         N/A       16%         4
 Summon Ice Beast         Ice/Summ       17%        N/A       16%         4
 Summon Mana Viper        Hex/Summ       17%        N/A       41%         5
 Monstrous Menagerie      Summ           8%         N/A       100%        7


Dungeon Overview and Level Annotations

Branches:
Dungeon (6/15)             Temple (1/1) D:4

Altars:
Ashenzari
Cheibriados
Dithmenos
Elyvilon
Fedhas
Gozag
Hepliaklqana
Kikubaaqudgha
Makhleb
Nemelex Xobeh
Okawaru
Qazlal
Ru
Sif Muna
Trog
Uskayaw
Vehumet
Wu Jian
Xom
Yredelemnul
Zin
The Shining One

Annotations:
D:3 2 transporters
D:4 3 runed translucent doors, mortz's ghost, amateur GrAK


Message History

You open the door.
An orc and a kobold come into view.
The kobold is wielding a +0 whip of electrocution.
Casting: Magic Dart (safe; 1% risk of failure)
Confirm with . or Enter, or press ? or * to list all spells.
Aiming: Searing Ray (safe; 1% risk of failure)
Press: ? - help, Shift-Dir - straight line You feel a surge of power!
The searing ray hits the orc.
The orc is heavily wounded.
The orc shouts! (Press . to maintain the ray.)
The kobold shouts!
Casting: Searing Ray (safe; 1% risk of failure)
Confirm with . or Enter, or press ? or * to list all spells.
You feel a surge of power!
You erupt in a blast of force!
The mystic blast hits the orc!!
You kill the orc!
Vehumet accepts your kill.
The mystic blast hits the kobold!
You kill the kobold!
Vehumet accepts your kill.
You hear a shout! x5
The centaur unwields a +0 quarterstaff.
The centaur wields a +0 shortbow.
The centaur shoots an arrow.
The arrow closely misses you.
You hear a shout!
The centaur shoots an arrow.
The arrow hits you!
The centaur shoots an arrow.
The arrow hits you!
The centaur shoots an arrow.
The arrow barely misses you.
You hear a shout!
You hear a shout!
The centaur shoots an arrow.
The arrow hits you!
* * * LOW HITPOINT WARNING * * *
Okay, then.
As you read the scroll labelled OGYKEREJESID, it crumbles to dust.
You assume a fearsome visage.
Nothing appears to happen.
It was a scroll of fear.
It was a potion of resistance.
You feel protected.
The centaur shoots an arrow.
The arrow hits you!
You die...

#########...#####.#..#..
..................#.....
######..###########....
#.## ####. #.# #. #.# #.
#.# #. ####.# #. #...@#
#. #c#### #. #.#
#.######## #.........
#..####### #c.#..#
#..#.)# #..##)#


You could see a centaur.

Vanquished Creatures
  3 ogres
  A phantom (D:5)
  A necrophage (D:5)
  3 scorpions
  A jelly (D:4)
  2 hounds
  An orc priest (D:4)
  2 orc wizards (D:4)
  3 iguanas
  5 adders
  An ufetubus (D:5)
  A worm (D:2)
  3 dart slugs
  11 orcs
  5 bats
  9 endoplasms
  5 giant cockroaches
  5 goblins
  8 hobgoblins
  7 jackals
  4 quokkas
  4 ball pythons
  2 frilled lizards
  4 kobolds
  6 rats
97 creatures vanquished.

Vanquished Creatures (others)
  2 fungi (D:4)
  11 plants
13 creatures vanquished.

Grand Total: 110 creatures vanquished

Notes
Turn   | Place    | Note
-------+----------+-------------------------------------------
     0 | D:1      | venomsnake the Deep Elf Conjurer began the quest for the
                  | Orb.
     0 | D:1      | Reached XP level 1. HP: 10/10 MP: 6/6
   144 | D:1      | Reached XP level 2. HP: 13/15 MP: 5/8
   149 | D:1      | Reached skill level 1 in Translocations
   927 | D:1      | Found a faded altar of an unknown god.
  1349 | D:2      | Reached XP level 3. HP: 4/19 MP: 1/10
  1600 | D:1      | Learned a level 2 spell: Searing Ray
  1631 | D:2      | Found a sacrificial altar of Ru.
  2188 | D:2      | Reached skill level 5 in Conjurations
  2345 | D:3      | Reached XP level 4. HP: 24/24 MP: 9/12
  2396 | D:3      | Found a hazy altar of Hepliaklqana.
  2397 | D:3      | Found a shimmering altar of Xom.
  2398 | D:3      | Noticed a spectral ugly thing
  2617 | D:3      | Found a sparkling altar of Nemelex Xobeh.
  2782 | D:3      | Found a transporter.
  2951 | D:3      | Found a transporter.
  3067 | D:3      | Learned a level 4 spell: Iskenderun's Mystic Blast
  3154 | D:3      | Identified the +9 falchion "Vucs" {antimagic, Will+ Dex+7}
  3407 | D:4      | Found a runed translucent gate.
  3407 | D:4      | Found a runed translucent gate.
  3407 | D:4      | Found a runed translucent gate.
  3412 | D:4      | Noticed mortz's ghost (amateur GrAK)
  3412 | D:4      | Noticed a kobold brigand
  3531 | D:4      | Found a staircase to the Ecumenical Temple.
  3586 | D:4      | Reached XP level 5. HP: 28/28 MP: 10/13
  3638 | Temple   | Entered the Ecumenical Temple
  3756 | Temple   | Became a worshipper of Vehumet
  3863 | D:4      | Noticed an ogre
  3881 | D:4      | Killed an ogre
  3882 | D:4      | Reached skill level 5 in Spellcasting
  4221 | D:4      | Reached XP level 6. HP: 32/32 MP: 9/16
  5072 | D:4      | Learned a level 2 spell: Blink
  5175 | D:5      | Entered Level 5 of the Dungeon
  5343 | D:5      | Reached XP level 7. HP: 36/36 MP: 15/18
  5882 | D:5      | Reached skill level 5 in Translocations
  6086 | D:5      | Found an iron altar of Okawaru.
  6090 | D:5      | Found a shimmering blue altar of Sif Muna.
  6095 | D:5      | Found a burning altar of Makhleb.
  6807 | D:6      | Shot with an arrow by a centaur

Illustrated notes

Levels and vault maps discovered:
D:1:      zelgadis_glass_arrival_small, layout_basic,
          shapermc_ecumenical_altar_mp_highgroup, dk_noncrumbling_3,
          minmay_split_cup_large
D:2:      layout_rooms, basic_altar
D:3:      layout_loops_ring, regret_index_temple_of_mockery,
          lemuel_crystal_altar, gammafunk_ghost_gnarly_gnolls,
          serial_bayou_pond_b, due_unseen_surprise
D:4:      layout_cave_pods, minmay_temple_entry_poolview,
          gammafunk_ghost_nasty_kobolds, grunt_ministairs_2
D:5:      layout_basic, grunt_temple_overflow_diamond
D:6:      corexii_shack_village, layout_basic, chequers_serial_rivers_micro_b,
          nicolae_stop_n_shop_1, chequers_hall_statues_wall_a, eino_tiny_chamber
Temple:   kb_temple_of_zot

Skill      XL: |  1  2  3  4  5  6  7 |
---------------+----------------------+-----
Translocations | 1 2 3 4 5 |  5.6
Spellcasting   | 4 5 6 7 |  7.4
Conjurations   | 5 6 7 |  7.2
Dodging        | |  2.4
Stealth        | |  2.4

Action                   |  1- 3 |  4- 6 |  7- 9 || total
-------------------------+-------+-------+-------++-------
Melee: Unarmed           |     6 |       |       ||     6
Throw: Dart              |       |     4 |       ||     4
 Cast: Magic Dart        |    87 |    87 |    25 ||   199
       Searing Ray       |     2 |    18 |    12 ||    32
       Iskenderun's Myst |       |     2 |     7 ||     9
  Use: Potion            |     1 |       |     1 ||     2
       Scroll            |       |       |     1 ||     1
Armor: Robe              |    10 |     3 |       ||    13
Dodge: Dodged            |    25 |     4 |     4 ||    33
